 Dungeon Crawl Stone Soup version 0.29-a0-284-gf9362112df (webtiles) character file.

Game seed: 4923048920144665101

53 sammy202020 the Skirmisher (level 3, 0/36 HPs)
             Began as a Troll Fighter on Mar 18, 2022.
             Succumbed to Sigmund's poison
             ... on level 2 of the Dungeon.
             The game lasted 00:02:18 (962 turns).

sammy202020 the Skirmisher (Troll Fighter)           Turns: 962, Time: 00:02:18

Health: 0/36       AC:  4    Str: 24    XL:     3   Next: 64%
Magic:  2/2        EV:  8    Int:  6    God:
Gold:   82         SH:  7    Dex:  9    Spells: 2/2 levels left

rFire   . . .      SeeInvis .     - Unarmed
rCold   . . .      Faith    .   b - +0 kite shield
rNeg    . . .      Spirit   .   a - +0 robe
rPois   .          Reflect  .   (helmet restricted)
rElec   .          Harm     .   (no cloak)
rCorr   .          Rampage  .   (gloves unavailable)
Will    .....                   (boots unavailable)
Stlth   +.........              (no amulet)
HPRegen 0.92/turn               (no ring)
MPRegen 0.08/turn               (no ring)

@: mighty, lethally poisoned (0 -> -6)
A: large, unfitting armour, claws 3, regeneration 1, shaggy fur 1, tough skin 1
a: no special abilities


You were on level 2 of the Dungeon.
You visited 1 branch of the dungeon, and saw 2 of its levels.

You collected 82 gold pieces.

Inventory:

Hand Weapons
 d - a +1 hunting sling of freezing
 f - a +0 mace
Missiles
 k - 4 boomerangs (quivered)
Armour
 a - a +0 robe (worn)
 b - a +0 kite shield (worn)
Magical Staves
 n - a staff of poison
Scrolls
 h - a scroll of brand weapon {unknown}
 i - 2 scrolls of identify {unknown}
 j - a scroll of immolation {unknown}
 m - a scroll of amnesia {unknown}
 o - a scroll of enchant weapon {unknown}
 p - a scroll of silence {unknown}
 q - 3 scrolls of acquirement {unknown}
Potions
 e - a potion of curing
 g - 2 potions of heal wounds {unknown}
 l - 2 potions of berserk rage {unknown}


   Skills:
 * Level 2.9 Fighting
 + Level 0.7 Maces & Flails
 * Level 2.7 Dodging
 * Level 2.7 Shields
 * Level 2.5 Unarmed Combat


You had 2 spell levels left.
You didn't know any spells.
Your spell library contained the following spells:

 Spells                   Type           Power      Damage    Failure   Level
 Summon Small Mammal      Summ           0%         N/A       77%         1
 Call Canine Familiar     Summ           0%         N/A       98%         3
 Summon Guardian Golem    Hex/Summ       0%         N/A       98%         3


Dungeon Overview and Level Annotations

Branches:
Dungeon (2/15)

Altars:


Innate Abilities, Weirdness & Mutations

You are too large for most types of armour.
You have claws for hands.
Your natural rate of healing is unusually fast.
You are covered in fur. (AC +1)
You have tough skin. (AC +1)


Message History

You are poisoned.
You feel very mighty all of a sudden.
You feel very sick. You block Sigmund's attack.
You closely miss Sigmund.
You feel sick. You block Sigmund's attack.
You claw Sigmund!
Sigmund is heavily wounded.
You feel sick.
You claw Sigmund!
Sigmund is almost dead.
You feel sick. Sigmund hits you but does no damage.
You are lethally poisoned!
You closely miss Sigmund.
Sigmund is almost dead.
* * * LOW HITPOINT WARNING * * *
You feel very sick. You block Sigmund's attack.
You scratch Sigmund but do no damage.
Sigmund is almost dead.
* * * LOW HITPOINT WARNING * * *
You feel sick.
You closely miss Sigmund.
Sigmund is almost dead.
* * * LOW HITPOINT WARNING * * *
You feel sick.
Sigmund says, "Don't worry, I'll kill you fast."
Sigmund hits you but does no damage.
You are more poisoned.
It was a potion of curing.
You feel better. Sigmund casts a spell at you. The puff of flame hits you!
* * * LOW HITPOINT WARNING * * *
You barely miss Sigmund.
Sigmund is almost dead.
Sigmund hits you with a +0 scythe of venom.
* * * LOW HITPOINT WARNING * * *
You are lethally poisoned!
You claw Sigmund!
You kill Sigmund!
You die...

######## #.........
########## #.........
#........# #.........
#........# #.........
#........# #.........
#)....)..#### #.........
#......@....# #.........
#........##..........<..
#........# #######..(
######.### #### #..# #
##.## # #..### # ##(..#
# ###.# .


There were no monsters in sight!

Vanquished Creatures
  Sigmund (D:2)
  An adder (D:2)
  A worm (D:2)
  A dart slug (D:1)
  4 ball pythons
  3 bats
  5 endoplasms
  2 giant cockroaches (D:1)
  2 goblins
  6 hobgoblins
  3 kobolds
  2 quokkas (D:1)
  3 rats
34 creatures vanquished.

Notes
Turn   | Place    | Note
-------+----------+-------------------------------------------
     0 | D:1      | sammy202020 the Troll Fighter began the quest for the Orb.
     0 | D:1      | Reached XP level 1. HP: 22/22 MP: 0/0
   181 | D:1      | Found a faded altar of an unknown god.
   227 | D:1      | Reached XP level 2. HP: 29/29 MP: 1/1
   598 | D:1      | Reached XP level 3. HP: 36/36 MP: 2/2
   946 | D:2      | Noticed Sigmund
   959 | D:2      | HP: 1/36 [poisoned by Sigmund]
   962 | D:2      | Killed Sigmund
   962 | D:2      | Succumbed to Sigmund's poison

Illustrated notes

Levels and vault maps discovered:
D:1:      lemuel_arrival_cross, layout_loops_ring,
          dreamdust_ecumenical_altar_statues, minmay_tetromino_l2
D:2:      layout_rooms, uniq_sigmund

Action                   || total
-------------------------++-------
Melee: Unarmed           ||    89
  Use: Potion            ||     2
 Stab: Sleeping          ||     1
Armor: Robe              ||    29
Dodge: Dodged            ||    32
Block: Kite shield       ||    32

Table legend: (Time is in decaauts)
 A = Elapsed time spent in this place.
 B = Non-inter-level travel time spent in this place.
 C = Inter-level travel time spent in this place.
 D = Time resting spent in this place.
 E = Time spent auto-exploring this place.
 F = Levels seen in this place.
 G = Mean time per level.
                   A        B        C        D        E       F      G
               +--------+--------+--------+--------+--------+-----+--------+
         Total |    969 |    958 |     11 |      0 |    690 |   2 |  484.5 |
       Dungeon |    969 |    958 |     11 |      0 |    690 |   2 |  484.5 |
               +--------+--------+--------+--------+--------+-----+--------+

Top non-repeatable levels by time:
     D:1: 671 daAuts
     D:2: 297 daAuts
